 Dungeon Crawl Stone Soup version 0.23.2-1-ga50397a (webtiles) character file.

Game seed: 5468483507286549507

1098 Parp the Insei (level 8, -5/51 HPs)
             Began as an Octopode Transmuter on May 31, 2019.
             Was an Initiate of Okawaru.
             Slain by an iguana (12 damage)
             ... on level 6 of the Dungeon.
             The game lasted 00:20:40 (7077 turns).

Parp the Insei (Octopode Transmuter)                Turns: 7077, Time: 00:20:40

Health: -5/51      AC:  2    Str:  9      XL:     8   Next: 32%
Magic:  12/14      EV: 20    Int: 15      God:    Okawaru [......]
Gold:   417        SH:  0    Dex: 19 (20) Spells: 5/15 levels left

rFire    . . .     SeeInvis .     - Unarmed
rCold    . . .     Gourm    .   (shield currently unavailable)
rNeg     . . .     Faith    .   (helmet currently unavailable)
rPois    x         Spirit   .   e - amulet of regeneration (curse)
rElec    .         Reflect  .   (no ring)
rCorr    .         Harm     .   (no ring)
MR       .....                  (no ring)
Stlth    ++........             (no ring)
HPRegen  0.57/turn              (no ring)
MPRegen  0.14/turn              (no ring)
                                (no ring)
                                (no ring)

@: lethally poisoned (-5 -> -6), spider-form (expiring)
A: tiny, almost no armour, stealthy swim, (amphibious), 8 rings, (constrict 8)
a: End Transformation, Renounce Religion


You were on level 6 of the Dungeon.
You worshipped Okawaru.
Okawaru was noncommittal.
You were hungry.
You were a venomous arachnid creature.
You visited 2 branches of the dungeon, and saw 8 of its levels.

You collected 417 gold pieces.

Inventory:

Missiles
 a - 80 arrows
 v - 3 tomahawks (quivered)
Armour
 o - a +0 shield
Magical Staves
 x - an uncursed staff of summoning
Jewellery
 e - a cursed amulet of regeneration (around neck)
 n - an uncursed amulet of rage
Scrolls
 b - 3 scrolls of remove curse {unknown}
 d - a scroll of noise {unknown}
 g - a scroll of fog {unknown}
 m - 3 scrolls of teleportation {unknown}
 p - a scroll of amnesia {unknown}
 q - 2 scrolls of enchant weapon {unknown}
 t - 7 scrolls of identify
 u - a scroll of random uselessness {unknown}
Potions
 f - 2 potions of curing
 h - a potion of heal wounds {unknown}
 i - 2 potions of mutation {unknown}
 j - 2 potions of might {unknown}
 k - a potion of invisibility {unknown}
 l - a potion of resistance {unknown}
 r - 3 potions of magic {unknown}
 w - a potion of agility {unknown}
 z - a potion of brilliance {unknown}
Comestibles
 c - 11 rations


   Skills:
 + Level 2.5 Fighting
 - Level 2.2 Dodging
 - Level 1.4 Stealth
 + Level 6.4 Unarmed Combat
 + Level 4.2 Spellcasting
 * Level 4.8 Transmutations
 - Level 3.7 Poison Magic


You had 5 spell levels left.
You knew the following spells:

 Your Spells              Type           Power        Failure   Level  Hunger
a - Beastly Appendage     Tmut           ###...       10%         1    None
b - Sticks to Snakes      Tmut           ###.....     12%         2    ##.....
c - Spider Form           Tmut/Pois      ###.......   22%         3    ###....
d - Ice Form              Ice/Tmut       ##......     75%         4    ####...

Your spell library contained the following spells:

 Spells                   Type           Power        Failure   Level  Hunger
 Blade Hands              Tmut           ###.......   77%         5    ######.


Dungeon Overview and Level Annotations

Branches:
Dungeon (7/15)             Temple (1/1) D:5

Altars:
Ashenzari
Cheibriados
Dithmenos
Elyvilon
Fedhas
Gozag
Hepliaklqana
Kikubaaqudgha
Makhleb
Nemelex Xobeh
Okawaru
Qazlal
Sif Muna
Trog
Uskayaw
Vehumet
Wu Jian
Xom
Yredelemnul
Zin

Annotations:
D:4 exclusion: 2 downstairs
D:5 1 runed translucent door
D:6 exclusion: 3 downstairs


Innate Abilities, Weirdness & Mutations

You cannot wear most types of armour.
You are very stealthy in the water. (Stealth+)
((You are amphibious.))
You can wear up to eight rings at the same time.
((You can use your tentacles to constrict eight enemies at once.))
((Your skin changes colour to match your surroundings (Stealth+).))
((Your rubbery body absorbs attacks. (AC +1, EV +1)))


Message History

You feel sick. The hound bites you.
* * * LOW HITPOINT WARNING * * *
The kobold completely misses you. The iguana barely misses you.
The hound closely misses you.
You closely miss the hound.
The hound is heavily wounded.
Your transformation is almost over.
You feel sick. The hound barely misses you. The kobold completely misses you.
The iguana completely misses you.
You hit the hound.
The hound looks as sick as possible!
The hound is heavily wounded.
You are feeling hungry.
You feel sick. The hound closely misses you. The kobold closely misses you.
The iguana closely misses you.
You barely miss the hound.
The hound is heavily wounded.
You feel sick. The hound misses you. The kobold hits you.
* * * LOW HITPOINT WARNING * * *
The hound closely misses you. The iguana bites you!
You die...

#...................)#...#.......
###..................[...........
####.....###.....................
.####...## ##....................
..####### #....................
...## #.............[...... ....#
##................... ....#
###)K.>............# ....##
###s..#######.....## .....#
###..lh..## ##...##
.....#######.รท.....).## #####
........##...##...##..##
####........###..####..##
####.....###..# ##..##
#..##.....## ###.## #.#########
##.# ### ###


You could see an iguana, a hound and a kobold.

Vanquished Creatures
  A phantom (D:5)
  2 ogres
  A big kobold (D:4)
  2 bullfrogs (D:6)
  3 hounds
  A quasit (D:6)
  2 centaur skeletons
  2 orc priests (D:6)
  3 orc wizards
  A bullfrog skeleton (D:4)
  An iguana (D:5)
  2 worker ants
  7 adders
  A shadow imp (D:5)
  An ooze (D:2)
  An adder skeleton (D:6)
  An adder zombie (D:5)
  A worm (D:5)
  5 dart slugs
  2 leopard geckos
  15 orcs
  6 bats
  3 giant cockroaches
  6 goblins
  12 hobgoblins
  10 jackals
  3 quokkas (D:5)
  2 ball pythons (D:1)
  A ball python skeleton (D:4)
  6 frilled lizards
  A jackal zombie (D:5)
  15 kobolds
  A leopard gecko skeleton (D:4)
  2 quokka skeletons
  10 rats
133 creatures vanquished.

Vanquished Creatures (collateral kills)
  An orc (D:6)
  A jackal (D:6)
2 creatures vanquished.

Vanquished Creatures (others)
  A human (D:6)
  7 toadstools (D:1)
8 creatures vanquished.

Grand Total: 143 creatures vanquished

Notes
Turn   | Place    | Note
-------+----------+-------------------------------------------
     0 | D:1      | Parp the Octopode Transmuter began the quest for the Orb.
     0 | D:1      | Reached XP level 1. HP: 13/13 MP: 3/3
   231 | D:1      | Reached XP level 2. HP: 15/18 MP: 3/5
   250 | D:1      | Learned a level 2 spell: Sticks to Snakes
   884 | D:1      | Reached XP level 3. HP: 22/23 MP: 4/6
  1379 | D:1      | Learned a level 3 spell: Spider Form
  1699 | D:2      | Reached skill level 1 in Stealth
  1708 | D:2      | Found a shadowy altar of Dithmenos.
  1929 | D:2      | Reached XP level 4. HP: 24/28 MP: 5/7
  2532 | D:3      | Found a bloodstained altar of Trog.
  2632 | D:3      | Reached skill level 4 in Unarmed Combat
  2632 | D:3      | Reached skill level 1 in Poison Magic
  2707 | D:3      | Reached XP level 5. HP: 29/33 MP: 9/9
  3999 | D:4      | Noticed a big kobold
  4010 | D:4      | Killed a big kobold
  4010 | D:4      | Reached XP level 6. HP: 17/38 MP: 10/10
  4101 | D:4      | Reached skill level 5 in Unarmed Combat
  4363 | D:4      | Reached XP level 7. HP: 39/44 MP: 10/12
  4392 | D:5      | Entered Level 5 of the Dungeon
  4483 | D:5      | Found a runed translucent door.
  4483 | D:5      | Noticed a human
  4492 | D:5      | Found a basalt altar of Yredelemnul.
  4601 | D:5      | Found an opulent altar of Gozag.
  4845 | D:4      | Learned a level 4 spell: Ice Form
  5020 | D:5      | Found a staircase to the Ecumenical Temple.
  5029 | Temple   | Entered the Ecumenical Temple
  5159 | Temple   | Became a worshipper of Warmaster Okawaru
  5901 | D:6      | Found an ancient bone altar of Kikubaaqudgha.
  6028 | D:6      | Noticed a human
  6030 | D:6      | Killed a human
  6198 | D:6      | Found an ornate altar of the Wu Jian Council.
  6214 | D:6      | Found a shattered altar of Ashenzari.
  6227 | D:6      | Reached skill level 6 in Unarmed Combat
  6227 | D:6      | Reached XP level 8. HP: 39/51 MP: 12/14
  6318 | D:6      | Found a basalt altar of Yredelemnul.
  6343 | D:6      | Found a shimmering altar of Xom.
  6768 | D:6      | HP: 2/51 [bullfrog (7)]
  7077 | D:6      | Slain by an iguana

Skill      XL: |  1  2  3  4  5  6  7 |
---------------+----------------------+-----
Stealth        | 1 |  1.4
Unarmed Combat | 4 5 6 |  6.4
Poison Magic   | 1 2 3 |  3.7
Spellcasting   | 3 4 |  4.2
Transmutations | 3 4 |  4.8
Fighting       | 2 |  2.5
Dodging        | |  2.2

Action                   |  1- 3 |  4- 6 |  7- 9 || total
-------------------------+-------+-------+-------++-------
Melee: Unarmed           |    93 |   109 |   156 ||   358
       Constrict         |    26 |    25 |    28 ||    79
       Kick              |    11 |    20 |    30 ||    61
       Tentacles         |     9 |    17 |    20 ||    46
       Punch             |     3 |     4 |     2 ||     9
 Cast: Beastly Appendage |    16 |    23 |    22 ||    61
       Spider Form       |       |     2 |     4 ||     6
       Sticks to Snakes  |       |       |     4 ||     4
  Use: Scroll            |       |     2 |       ||     2
       Potion            |       |       |     3 ||     3
 Stab: Sleeping          |     4 |    14 |     3 ||    21
       Distracted        |       |       |     1 ||     1
  Eat: Chunk             |     3 |     8 |     9 ||    20
Armor: Skin              |     3 |     7 |    10 ||    20
Dodge: Dodged            |    50 |    50 |   150 ||   250
